 Dungeon Crawl Stone Soup version 0.31-a0-774-g0d66cbabe8 (webtiles) character file.

Game seed: 7574567864850147641

5 cforsyth the Sneak (level 1, -2/20 HPs)
             Began as a Djinni Delver on Sept 17, 2023.
             Slain by a howler monkey (4 damage)
             ... on level 4 of the Dungeon.
             The game lasted 00:00:21 (84 turns).

cforsyth the Sneak (Djinni Delver)                    Turns: 84, Time: 00:00:21

Health: -2/20      AC:  3    Str: 11    XL:     1   Next: 88%
Gold:   0          EV: 12    Int: 11    God:
                   SH:  0    Dex: 14

rFire   + + .        a - +0 falchion
rCold   x . .        (no shield)
rNeg    . . .        b - +0 leather armour
rPois   ∞            (no helmet)
rElec   .            (no cloak)
rCorr   .            (no gloves)
SInv    .            (boots unavailable)
Will    .....        (no amulet)
Stlth   ++           (no ring)
HPRegen 0.23/turn    (no ring)
MPRegen 0.00/turn

%: infuse magic (-3 HP)
@: flying
A: sickness immunity, fire resistance 2, cold vulnerability 1, float, innate
caster, HP casting, extra vitality 1
a: no special abilities


You were on level 4 of the Dungeon.
You visited 1 branch of the dungeon, and saw 2 of its levels.

Inventory:

Hand Weapons
 a - a +0 falchion (weapon)
Armour
 b - a +0 leather armour (worn)
Wands
 g - a wand of digging (3)
Scrolls
 c - 2 scrolls of fog
 d - a scroll of revelation
Potions
 f - a potion of haste
 h - 2 potions of degeneration {unknown}


   Skills:
 + Level 3.1 Fighting
 - Level 1.7 Long Blades
 - Level 2.1 Dodging
 - Level 4.1 Stealth
 + Level 0.4 Spellcasting
 + Level 0.4 Conjurations
 + Level 0.4 Hexes
 + Level 0.4 Summonings
 + Level 0.4 Necromancy
 + Level 0.4 Translocations
 + Level 0.4 Transmutations
 + Level 0.4 Fire Magic
 + Level 0.4 Ice Magic
 + Level 0.4 Air Magic
 + Level 0.4 Earth Magic
 + Level 0.4 Poison Magic You didn't know any spells. Your spell library was empty.

Dungeon Overview and Level Annotations

Branches:
Dungeon (5/15)
 Temple: D:4-7

Altars:


Innate Abilities, Weirdness & Mutations

You are immune to sickness and miasma.
You are immune to poison.
Your flesh is very heat resistant. (rF++)
You are vulnerable to cold. (rC-)
You float through the air rather than walking.
You learn spells naturally, not from books.
Your magical power is your life essence.
You have superior vitality. (+4 MHP)


Message History

The ufetubus hits you but does no damage.
The ufetubus closely misses you. x2
The howler monkey hoots and howls with incredible vigour!
You hear a shout! x2; You hear an angry hiss.
The ufetubus barely misses you. The ufetubus hits you.
The howler monkey hoots and howls with incredible vigour!
You hit the ufetubus.
The ufetubus is severely wounded.
The ufetubus barely misses you. The ufetubus hits you.
The ufetubus hits you but does no damage.
The ufetubus hits you.
You closely miss the ufetubus.
The ufetubus is severely wounded.
The ufetubus hits you. The ufetubus closely misses you. x2
The ufetubus barely misses you.
You hit the ufetubus.
You kill the ufetubus!
An endoplasm comes into view.
The howler monkey attacks as it pursues you!
The howler monkey hits you.
* * * LOW HITPOINT WARNING * * *
The howler monkey attacks as it pursues you!
The howler monkey closely misses you.
Okay, then.
Welcome back, cforsyth the Djinni Delver.
Press ? for a list of commands and other information.
You are too injured to fight recklessly!
You hit the endoplasm.
The endoplasm is heavily wounded.
The endoplasm freezes you.
You are frozen.
You feel a terrible chill!
* * * LOW HITPOINT WARNING * * *
The howler monkey hoots and howls with incredible vigour!
You hear a shout!
You hear an angry hiss.
You hit the endoplasm.
You kill the endoplasm!
The howler monkey closely misses you. The black bear closely misses you.
The black bear barely misses you. The black bear completely misses you.
The howler monkey hits you.
You die...

?.# ..+ ..### ....# #.
..#.# ... ..#.# ....
..#.###############.....
.>.............h........
..##..>.......gh@.......
..#################.....
... ... ..# # ... ##. .


You could see a black bear, a howler monkey and a hobgoblin.

Vanquished Creatures
  An ufetubus (D:4)
  An endoplasm (D:4)
2 creatures vanquished.

Notes
Turn   | Place    | Note
-------+----------+-------------------------------------------
     0 | D:5      | cforsyth the Djinni Delver began the quest for the Orb.
     0 | D:5      | Reached XP level 1. HP: 20/20 MP: 0/0
    33 | D:5      | Noticed a hound
    33 | D:5      | Noticed a hound
    64 | D:4      | Noticed a black bear
    64 | D:4      | Noticed a howler monkey
    84 | D:4      | Slain by a howler monkey

Illustrated notes

Levels and vault maps discovered:
D:4:      layout_basic, kennysheep_little_box, uniq_menkaure
D:5:      layout_cave_pools, mainiacjoe_overflow_paths, portal_sewer_entry_d,
          ebering_ghost_gozag

Action                     || total
---------------------------++-------
  Melee: Falchion          ||     7
    Use: Scroll            ||     1
 Armour: Leather armour    ||    12
  Dodge: Dodged            ||    13

Table legend: (Time is in decaauts)
 A = Elapsed time spent in this place.
 B = Non-inter-level travel time spent in this place.
 C = Inter-level travel time spent in this place.
 D = Time resting spent in this place.
 E = Time spent auto-exploring this place.
 F = Levels seen in this place.
 G = Mean time per level.
                   A        B        C        D        E       F      G
               +--------+--------+--------+--------+--------+-----+--------+
         Total |     85 |     85 |      0 |      0 |     31 |   2 |   42.5 |
       Dungeon |     85 |     85 |      0 |      0 |     31 |   2 |   42.5 |
               +--------+--------+--------+--------+--------+-----+--------+

Top non-repeatable levels by time:
     D:5: 64 daAuts
     D:4: 20 daAuts
